TOP OF THE 1ST |
New Orleans Looters batting - Pitching for Greenville 84s : LHP Darrell Harding
|
Pitching: LHP Darrell Harding
|
|
Batting: LHB Francisco Vega
|
0-0: Called Strike 0-1: Ground out 5-3 (Groundball, 56)
|
Batting: RHB Rubén Vázquez
|
0-0: Ball 1-0: Foul Ball, location: 2F 1-1: Ball 2-1: Fly out, F7 (Line Drive, 7LM)
|
Batting: RHB Stephen Shaw
|
0-0: Ball 1-0: Foul Ball, location: 2F 1-1: Called Strike 1-2: Ball 2-2: Ball 3-2: Foul Ball, location: 2F 3-2: Strikes out swinging
|
Top of the 1st over - 0 run(s), 0 hit(s), 0 error(s), 0 left on base; New Orleans 0 - Greenville 0 |
BOTTOM OF THE 1ST |
Greenville 84s batting - Pitching for New Orleans Looters : RHP Chris Martin
|
Pitching: RHP Chris Martin
|
|
Batting: RHB Carlos Torres
|
0-0: Ball 1-0: Called Strike 1-1: Fly out, F8 (Line Drive, 8LS)
|
Batting: LHB Chris Moore
|
0-0: Ball 1-0: SINGLE (Groundball, 56D)
|
Batting: RHB Enzo Díaz
|
0-0: Called Strike 0-1: Ball 1-1: Ball 2-1: Fielders Choice at 2nd, 5-4 (Groundball, 56)
|
Batting: LHB Paco Rosas
|
0-0: Ball 1-0: Ball 2-0: Fly out, F5 (Flyball, 5D)
|
Bottom of the 1st over - 0 run(s), 1 hit(s), 0 error(s), 1 left on base; New Orleans 0 - Greenville 0 |
TOP OF THE 2ND |
New Orleans Looters batting - Pitching for Greenville 84s : LHP Darrell Harding
|
Batting: SHB Oliver Deleón
|
0-0: Called Strike 0-1: Ball 1-1: Foul Ball, location: 2F 1-2: Foul Ball, location: 2F 1-2: Fly out, F8 (Flyball, 8LM)
|
Batting: LHB Seung-chun Mun
|
0-0: Ball 1-0: Ball 2-0: Ground out 4-3 (Groundball, 4)
|
Batting: RHB Dave O'Loan
|
0-0: Called Strike 0-1: Ball 1-1: Foul Ball, location: 2F 1-2: Strikes out looking
|
Top of the 2nd over - 0 run(s), 0 hit(s), 0 error(s), 0 left on base; New Orleans 0 - Greenville 0 |
BOTTOM OF THE 2ND |
Greenville 84s batting - Pitching for New Orleans Looters : RHP Chris Martin
|
Batting: LHB Jimmy Vickers
|
0-0: Ball 1-0: Foul Ball, location: 2F 1-1: Ball 2-1: Ball 3-1: SINGLE (Line Drive, 56D)
|
Batting: LHB Robert Moore
|
0-0: Called Strike 0-1: Ball 1-1: SINGLE (Groundball, 25) (infield hit) Jimmy Vickers to second
|
Batting: RHB Jorge Cisneros
|
0-0: Swinging Strike 0-1: Ball 1-1: Swinging Strike 1-2: Ball 2-2: Ball 3-2: Strikes out swinging
|
Batting: RHB Vic Langlois
|
0-0: Ball 1-0: Grounds into double play, 6-4-3 (Groundball, 6)
|
Bottom of the 2nd over - 0 run(s), 2 hit(s), 0 error(s), 1 left on base; New Orleans 0 - Greenville 0 |
TOP OF THE 3RD |
New Orleans Looters batting - Pitching for Greenville 84s : LHP Darrell Harding
|
Batting: LHB Miguel Colón
|
0-0: Ball 1-0: SINGLE (Flyball, 7S)
|
Batting: RHB Run-ming Zhu
|
0-0: Ball 1-0: Swinging Strike 1-1: Ball 2-1: Ball 3-1: Base on Balls Miguel Colón to second
|
Batting: SHB Arturo Sánchez
|
0-0: Called Strike Miguel Colón steals 3rd base Run-ming Zhu to second 0-1: Ball 1-1: Ball 2-1: Foul Ball, location: 2F 2-2: Foul Ball, location: 2F 2-2: Foul Ball, location: 2F 2-2: Strikes out swinging
|
Batting: LHB Francisco Vega
|
0-0: Ball 1-0: Ball 2-0: Called Strike 2-1: Ground out 4-3 (Groundball, 4) Miguel Colón scores Run-ming Zhu to third
|
Batting: RHB Rubén Vázquez
|
0-0: Swinging Strike 0-1: Foul Ball, location: 2F 0-2: Strikes out swinging
|
Top of the 3rd over - 1 run(s), 1 hit(s), 0 error(s), 1 left on base; New Orleans 1 - Greenville 0 |
BOTTOM OF THE 3RD |
Greenville 84s batting - Pitching for New Orleans Looters : RHP Chris Martin
|
Batting: SHB Gilberto Guzmán
|
0-0: Called Strike 0-1: Ball 1-1: Foul Ball, location: 2F 1-2: Ground out 4-3 (Groundball, 4)
|
Batting: RHB Carlos Torres
|
0-0: Called Strike 0-1: Ball 1-1: Ball 2-1: Foul Ball, location: 2F 2-2: SINGLE (Flyball, 8LS)
|
Batting: LHB Chris Moore
|
0-0: Foul Ball, location: 2F 0-1: Foul Ball, location: 2F 0-2: Foul Ball, location: 2F 0-2: Ball 1-2: Foul Ball, location: 2F 1-2: Strikes out swinging
|
Batting: RHB Enzo Díaz
|
0-0: Ball 1-0: SINGLE (Groundball, 6MD) Carlos Torres to second Runner from 2nd tries for 3rd, OUT!
|
Bottom of the 3rd over - 0 run(s), 2 hit(s), 0 error(s), 1 left on base; New Orleans 1 - Greenville 0 |
TOP OF THE 4TH |
New Orleans Looters batting - Pitching for Greenville 84s : LHP Darrell Harding
|
Batting: RHB Stephen Shaw
|
0-0: Ball 1-0: Called Strike 1-1: Called Strike 1-2: DOUBLE (Line Drive, 5D)
|
Batting: SHB Oliver Deleón
|
0-0: Ground out 4-3 (Groundball, 34) Stephen Shaw to third
|
Batting: LHB Seung-chun Mun
|
0-0: Called Strike 0-1: Foul Ball, location: 2F 0-2: Ball 1-2: Ball 2-2: Ball 3-2: Base on Balls
|
Batting: RHB Dave O'Loan
|
0-0: Ball 1-0: Ball 2-0: Called Strike 2-1: Foul Ball, location: 2F 2-2: SINGLE (Groundball, 6D) Stephen Shaw scores Seung-chun Mun to second
|
Batting: LHB Miguel Colón
|
0-0: Called Strike 0-1: Called Strike 0-2: Foul Ball, location: 2F 0-2: Ball 1-2: Foul Ball, location: 2F 1-2: Foul Ball, location: 2F 1-2: Ball 2-2: SINGLE (Groundball, 4MD) Seung-chun Mun to third Dave O'Loan to second Runner from 3rd tries for Home, SAFE, throw made home Dave O'Loan to third Miguel Colón to second
|
Batting: RHB Run-ming Zhu
|
0-0: Ball 1-0: Foul Ball, location: 2F 1-1: Ball 2-1: Ball 3-1: Foul Ball, location: 2F 3-2: Base on Balls
|
Batting: SHB Arturo Sánchez
|
0-0: Ball 1-0: Foul Ball, location: 2F 1-1: Ball 2-1: Called Strike 2-2: Ball 3-2: Foul Ball, location: 2F 3-2: Base on Balls Dave O'Loan scores Miguel Colón to third Run-ming Zhu to second
|
Pitching: RHP Sancho Mendoza
|
|
Batting: LHB Francisco Vega
|
0-0: Ball 1-0: Ball 2-0: Fly out, F7 (Flyball, 7D) Runner from 3rd tags up, SCORES, no throw
|
Batting: RHB Rubén Vázquez
|
0-0: Called Strike 0-1: Swinging Strike 0-2: Strikes out swinging
|
Top of the 4th over - 4 run(s), 3 hit(s), 0 error(s), 2 left on base; New Orleans 5 - Greenville 0 |
BOTTOM OF THE 4TH |
Greenville 84s batting - Pitching for New Orleans Looters : RHP Chris Martin
|
Batting: LHB Paco Rosas
|
0-0: Ball 1-0: Swinging Strike 1-1: Fly out, F4 (Popup, 34S)
|
Batting: LHB Jimmy Vickers
|
0-0: Ball 1-0: Ball 2-0: Called Strike 2-1: Fly out, F9 (Flyball, 9LS)
|
Batting: LHB Robert Moore
|
0-0: Ball 1-0: Fly out, F7 (Flyball, 7)
|
Bottom of the 4th over - 0 run(s), 0 hit(s), 0 error(s), 0 left on base; New Orleans 5 - Greenville 0 |
TOP OF THE 5TH |
New Orleans Looters batting - Pitching for Greenville 84s : RHP Sancho Mendoza
|
Batting: RHB Stephen Shaw
|
0-0: Ball 1-0: Called Strike 1-1: Foul Ball, location: 2F 1-2: Ball 2-2: Foul Ball, location: 2F 2-2: Foul Ball, location: 2F 2-2: Fly out, F6 (Popup, 4MD)
|
Batting: SHB Oliver Deleón
|
0-0: Fly out, F7 (Flyball, 7)
|
Batting: LHB Seung-chun Mun
|
0-0: Called Strike 0-1: Ball 1-1: Ball 2-1: Ball 3-1: Base on Balls
|
Batting: RHB Dave O'Loan
|
0-0: Ball 1-0: Ball 2-0: Called Strike 2-1: Foul Ball, location: 2F 2-2: Fielders Choice at 2nd, 6-4 (Groundball, 56)
|
Top of the 5th over - 0 run(s), 0 hit(s), 0 error(s), 0 left on base; New Orleans 5 - Greenville 0 |
BOTTOM OF THE 5TH |
Greenville 84s batting - Pitching for New Orleans Looters : RHP Chris Martin
|
Batting: RHB Jorge Cisneros
|
0-0: Ball 1-0: Ball 2-0: Called Strike 2-1: Fly out, F9 (Flyball, 9LM)
|
Batting: RHB Vic Langlois
|
0-0: Swinging Strike 0-1: Swinging Strike 0-2: Strikes out swinging
|
Batting: SHB Gilberto Guzmán
|
0-0: Foul Ball, location: 2F 0-1: Ground out 6-3 (Groundball, 6)
|
Bottom of the 5th over - 0 run(s), 0 hit(s), 0 error(s), 0 left on base; New Orleans 5 - Greenville 0 |
TOP OF THE 6TH |
New Orleans Looters batting - Pitching for Greenville 84s : RHP Sancho Mendoza
|
Batting: LHB Miguel Colón
|
0-0: Swinging Strike 0-1: Swinging Strike 0-2: Foul Ball, location: 2F 0-2: Ball 1-2: Foul Ball, location: 2F 1-2: Strikes out swinging
|
Batting: RHB Run-ming Zhu
|
0-0: Ground out 6-3 (Groundball, 6)
|
Batting: SHB Arturo Sánchez
|
0-0: Ball 1-0: Called Strike 1-1: Ball 2-1: Ball 3-1: Swinging Strike 3-2: Fly out, F7 (Flyball, 7)
|
Top of the 6th over - 0 run(s), 0 hit(s), 0 error(s), 0 left on base; New Orleans 5 - Greenville 0 |
BOTTOM OF THE 6TH |
Greenville 84s batting - Pitching for New Orleans Looters : RHP Chris Martin
|
Batting: RHB Carlos Torres
|
0-0: DOUBLE (Line Drive, 9LM)
|
Batting: LHB Chris Moore
|
0-0: Called Strike 0-1: Foul Ball, location: 2F 0-2: Reached on error, E5 (Groundball, 56) Carlos Torres to third
|
Batting: RHB Enzo Díaz
|
0-0: Foul Ball, location: 2F 0-1: Called Strike 0-2: Foul Ball, location: 2F 0-2: Ball 1-2: Ball 2-2: Ball 3-2: SINGLE (Groundball, 6) (infield hit) Carlos Torres scores Chris Moore to second
|
Batting: LHB Paco Rosas
|
0-0: Called Strike 0-1: Swinging Strike 0-2: SINGLE (Flyball, 7S) Chris Moore to third Enzo Díaz to second
|
Batting: LHB Jimmy Vickers
|
0-0: Swinging Strike 0-1: Ball 1-1: Swinging Strike 1-2: Ball 2-2: Strikes out swinging
|
Batting: LHB Robert Moore
|
0-0: Ball 1-0: Ball 2-0: Called Strike 2-1: Foul Ball, location: 2F 2-2: Foul Ball, location: 2F 2-2: Strikes out swinging
|
Batting: RHB Jorge Cisneros
|
0-0: Fielders Choice at 2nd, 6-4 (Groundball, 6)
|
Bottom of the 6th over - 1 run(s), 3 hit(s), 1 error(s), 2 left on base; New Orleans 5 - Greenville 1 |
TOP OF THE 7TH |
New Orleans Looters batting - Pitching for Greenville 84s : RHP Sancho Mendoza
|
Batting: LHB Francisco Vega
|
0-0: SOLO HOME RUN (Flyball, 9D), Distance : 362 ft
|
Batting: RHB Rubén Vázquez
|
0-0: Ball 1-0: Ground out 1-3 (Groundball, 15S)
|
Batting: RHB Stephen Shaw
|
0-0: Foul Ball, location: 2F 0-1: Ground out 6-3 (Groundball, 6)
|
Batting: SHB Oliver Deleón
|
0-0: Called Strike 0-1: Ball 1-1: Ball 2-1: Called Strike 2-2: Ball 3-2: Foul Ball, location: 2F 3-2: Foul Ball, location: 2F 3-2: Ground out U3 (Groundball, 34)
|
Top of the 7th over - 1 run(s), 1 hit(s), 0 error(s), 0 left on base; New Orleans 6 - Greenville 1 |
BOTTOM OF THE 7TH |
Greenville 84s batting - Pitching for New Orleans Looters : RHP Chris Martin
|
Batting: RHB Vic Langlois
|
0-0: Ball 1-0: Called Strike 1-1: Foul Ball, location: 2F 1-2: Fly out, F7 (Line Drive, 78S)
|
Batting: SHB Gilberto Guzmán
|
0-0: Swinging Strike 0-1: Fly out, F6 (Line Drive, 6)
|
Batting: RHB Carlos Torres
|
0-0: Swinging Strike 0-1: Swinging Strike 0-2: Ball 1-2: Fly out, F5 (Popup, 56S)
|
Bottom of the 7th over - 0 run(s), 0 hit(s), 0 error(s), 0 left on base; New Orleans 6 - Greenville 1 |
TOP OF THE 8TH |
New Orleans Looters batting - Pitching for Greenville 84s : RHP Sancho Mendoza
|
Batting: LHB Seung-chun Mun
|
0-0: Ball 1-0: Ball 2-0: Swinging Strike 2-1: Ball 3-1: Called Strike 3-2: Foul Ball, location: 2F 3-2: Ground out 3-1 (Groundball, 3D)
|
Pitching: RHP Ricardo Trujillo
|
|
Batting: RHB Dave O'Loan
|
0-0: Called Strike 0-1: Foul Ball, location: 2F 0-2: Ball 1-2: Strikes out looking
|
Batting: LHB Miguel Colón
|
0-0: Fly out, F8 (Flyball, 89M)
|
Top of the 8th over - 0 run(s), 0 hit(s), 0 error(s), 0 left on base; New Orleans 6 - Greenville 1 |
BOTTOM OF THE 8TH |
Greenville 84s batting - Pitching for New Orleans Looters : RHP Chris Martin
|
Batting: LHB Chris Moore
|
0-0: SINGLE (Groundball, 5D)
|
Pitching: RHP Juan Flores
|
|
Batting: RHB Enzo Díaz
|
0-0: Ball 1-0: 2-RUN HOME RUN (Flyball, 7LD), Distance : 351 ft
|
Batting: LHB Paco Rosas
|
0-0: Called Strike 0-1: Ball 1-1: Foul Ball, location: 2F 1-2: Fly out, F8 (Flyball, 8LD)
|
Batting: LHB Jimmy Vickers
|
0-0: Swinging Strike 0-1: Ground out 6-3 (Groundball, 6S)
|
Batting: LHB Robert Moore
|
0-0: Ball 1-0: Swinging Strike 1-1: Swinging Strike 1-2: Strikes out swinging
|
Bottom of the 8th over - 2 run(s), 2 hit(s), 0 error(s), 0 left on base; New Orleans 6 - Greenville 3 |
TOP OF THE 9TH |
New Orleans Looters batting - Pitching for Greenville 84s : RHP Ricardo Trujillo
|
Pitching: LHP Francisco Ríos
|
|
Batting: RHB Run-ming Zhu
|
0-0: Swinging Strike 0-1: Fly out, F7 (Flyball, 78M)
|
Batting: SHB Arturo Sánchez
|
0-0: Called Strike 0-1: Ball 1-1: Ball 2-1: Foul Ball, location: 2F 2-2: Foul Ball, location: 2F 2-2: Ball 3-2: Strikes out swinging
|
Batting: LHB Francisco Vega
|
0-0: Ball 1-0: Ball 2-0: Foul Ball, location: 2F 2-1: DOUBLE (Line Drive, 89XD)
|
Batting: RHB Rubén Vázquez
|
0-0: Called Strike 0-1: Fly out, F7 (Line Drive, 78S)
|
Top of the 9th over - 0 run(s), 1 hit(s), 0 error(s), 1 left on base; New Orleans 6 - Greenville 3 |
BOTTOM OF THE 9TH |
Greenville 84s batting - Pitching for New Orleans Looters : RHP Juan Flores
|
Pitching: LHP Juan Méndez
|
|
Batting: RHB Jorge Cisneros
|
0-0: Ball 1-0: Foul Ball, location: 2F 1-1: Called Strike 1-2: Ball 2-2: Foul Ball, location: 2F 2-2: Strikes out looking
|
Batting: RHB Vic Langlois
|
0-0: Ball 1-0: Foul Ball, location: 2F 1-1: Ball 2-1: Foul Ball, location: 2F 2-2: Foul Ball, location: 2F 2-2: Foul Ball, location: 2F 2-2: Strikes out looking
|
Batting: SHB Gilberto Guzmán
|
0-0: Ball 1-0: Swinging Strike 1-1: Called Strike 1-2: Foul Ball, location: 2F 1-2: Strikes out looking
|
Bottom of the 9th over - 0 run(s), 0 hit(s), 0 error(s), 0 left on base; New Orleans 6 - Greenville 3 |
|